[Event "Polish University-ch Women 2024"]
[Site "Lublin"]
[Date "2024.02.24"]
[Round "9.1"]
[White "Sliwicka, Alicja"]
[Black "Jarocka, Liwia"]
[Result "1/2-1/2"]
[ECO "B12"]
[WhiteElo "2309"]
[BlackElo "2199"]
[Annotator "TA"]
[PlyCount "39"]
[EventDate "2024.02.22"]
[EventType "swiss"]
[EventCountry "POL"]
[SourceTitle "playchess.com"]
[Source "ChessBase"]
[SourceQuality "1"]
[TimeControl "600+3"]

1. e4 c6 2. d4 d5 3. e5 Bf5 4. c4 e6 5. Nc3 Bb4 6. Qb3 Qa5 7. Bd2 dxc4 8. Bxc4 {[%emt 0:00:09] White has an edge.} Ne7 9. Nge2 $2 {[%emt 0:00:07][%mdl 8192] [#]} (9. Nf3 $11) 9... O-O $2 (9... b5 $19 10. a3 Bxc3 (10... bxc4 11. Qxb4 Qa6 12. Bg5 $11) 11. Bxc3 Qd8 (11... bxc4 $2 12. Qxb8+ Rxb8 13. Bxa5 $19) 12. Bxe6 Bxe6) 10. Ng3 b5 (10... c5 $5 11. a3 Nbc6 $11) 11. Be2 {[%emt 0:00:05] Black should prevent 0-0.} Na6 (11... Rd8 $11) 12. O-O $16 {[%emt 0:00:13] Black must now prevent a4.} Bg6 (12... Qd8 $14) 13. a4 $18 Bxc3 14. bxc3 Qb6 (14... b4 $142 15. cxb4 Qb6) 15. axb5 Nc7 {[%emt 0:00:03][%cal Rc6b5] Black is weak on the dark squares} 16. Qa3 Rfe8 17. bxc6 Nxc6 18. Bf3 Bd3 19. Rfc1 {[%emt 0:00:06] [#] Threatens to win with c4.} Nb5 20. Qa6 {[%emt 0:00:42][%mdl 32768] Weighted Error Value: White=0.37/Black=0.51.  Loses game:     	White=1     	---        Missed win:     	---       	Black=1      Mistake:       	---       	Black=3      Inaccurate:     	White=1     	Black=1      OK:         	White=6     	Black=3      Best:        	White=1     	Black=1     . An unexpected result.} 1/2-1/2

[Event "Polish University-ch Women 2024"]
[Site "Lublin"]
[Date "2024.02.24"]
[Round "9.2"]
[White "Czarnecka, Lidia"]
[Black "Antolak, Julia"]
[Result "1-0"]
[ECO "B99"]
[WhiteElo "2034"]
[BlackElo "2309"]
[Annotator "TA"]
[PlyCount "77"]
[EventDate "2024.02.22"]
[EventType "swiss"]
[EventCountry "POL"]
[SourceTitle "playchess.com"]
[Source "ChessBase"]
[SourceQuality "1"]
[TimeControl "600+3"]

1. e4 c5 2. Nf3 d6 3. d4 cxd4 4. Nxd4 Nf6 5. Nc3 a6 6. Bg5 e6 7. f4 Be7 8. Qf3 Nbd7 9. O-O-O Qc7 10. g4 b5 11. a3 Bb7 12. Bxf6 Nxf6 13. g5 Nd7 14. h4 O-O 15. h5 ({White should try} 15. f5 $14) 15... Nc5 $11 16. Bg2 {[%emt 0:00:53] White has an edge.} Rac8 17. Kb1 Rfe8 {[%emt 0:00:33] [#]} (17... Qb6 $14) 18. g6 fxg6 $14 19. hxg6 h6 20. f5 {[%emt 0:02:35] White is much more active.} Bf6 ({Better is} 20... Rf8 $1 $14) 21. fxe6 $16 Bxd4 $2 (21... Rf8 $16 {is more resistant.} 22. Qh3 Bxd4 23. Rxd4 Qe7) 22. Qf7+ $18 (22. Rxd4 Rxe6 23. Qf1 Rxg6 $17) 22... Kh8 23. Rxd4 {[%emt 0:00:20][%cal Oh1h6] Rxh6+! would kill now.} Nxe6 {[%emt 0:00:02][%cal Oe8e7,Bc5e6,Be6f4,Bf4g2][%mdl 32] [#] aiming for ...Re7!} 24. Qxc7 (24. Rxd6 $1 $18 {[%cal Oh1h6] is the precise move to win. White threatens Rxh6+! and mate.} Qxf7 (24... Qxd6 25. Rxh6+ gxh6 26. Qh7#) 25. gxf7) 24... Rxc7 $16 25. Rxd6 $40 {[%emt 0:00:01][%mdl 128] White has strong attack.} Nf4 26. Bf3 {[%emt 0:00:01] Black must now prevent Rhd1.} Rce7 $2 {[%emt 0:00:09] [#]} (26... Rf8 $14) 27. Nd5 (27. Bg4 $1 $18 {is more deadly. Hoping for Rf1.} Rf8 28. Rhd1) 27... Bxd5 $2 (27... Re6 $16 {might work better.} 28. Rd7 Bc6 29. Nxf4 Bxd7 30. Nxe6 Bxe6) 28. exd5 $18 Re3 29. Rf1 a5 30. Bg4 Ng2 (30... R3e4 31. Bf5 Rd4) 31. Be6 b4 (31... Nh4 $142 32. Bd7 Rb8) 32. axb4 axb4 33. Rb6 {[%emt 0:00:05][%cal Od5d6] d6! would now be deadly.} Re4 34. Rb7 {[%emt 0:00:07] White wants to mate with Rbf7.} Nf4 35. Bf7 Rd8 36. Rb6 (36. d6 $142) 36... Rd4 37. d6 {[%emt 0:00:05] Threatens to win with Re1.} h5 $2 (37... Nh5 $18 38. Re1 Nf6) 38. Rb5 Ra8 39. Rh1 {[%emt 0:00:06] Weighted Error Value: White=0.86/Black=0.81.  Loses game:     	---       	Black=3      Missed win:     	White=1     	---        Mistake:       	White=3     	Black=5      Inaccurate:     	White=2     	Black=1      OK:         	White=3     	Black=5      Best:        	White=3     	Black=1} 1-0

[Event "Polish University-ch Women 2024"]
[Site "Lublin"]
[Date "2024.02.24"]
[Round "9.3"]
[White "Kaczmarska, Joanna"]
[Black "Kubicka, Anna"]
[Result "0-1"]
[ECO "B15"]
[WhiteElo "1870"]
[BlackElo "2278"]
[Annotator "TA"]
[PlyCount "86"]
[EventDate "2024.02.22"]
[EventType "swiss"]
[EventCountry "POL"]
[SourceTitle "playchess.com"]
[Source "ChessBase"]
[SourceQuality "1"]
[TimeControl "600+3"]

1. e4 c6 2. d4 d5 3. Nd2 dxe4 4. Nxe4 Nf6 5. Nxf6+ exf6 6. c3 Bd6 7. Bd3 O-O 8. Ne2 Re8 9. O-O Nd7 10. Bf4 Nf8 11. Bxd6 Qxd6 12. Ng3 Ng6 13. Nf5 Qf4 14. g3 {[%emt 0:00:16] White is slightly better.} Qc7 15. Qg4 c5 16. d5 (16. dxc5 {simplifies} Qxc5 17. Qd4 Qc7 18. Ne3) 16... c4 17. Rfe1 (17. Bxc4 $2 Bxf5 18. Qxf5 Qxc4 $19) 17... Bd7 (17... Bxf5 $11 {feels stronger.} 18. Bxf5 Ne5) 18. Be4 {[%emt 0:00:37] [#]} (18. Qxc4 $2 {perishes.} Qxc4 $19) (18. Bc2 $1 $14 {keeps the upper hand.}) 18... Re5 $1 $17 {[%emt 0:01:01] Threatens to win with ...Qc8.} 19. f4 $2 {[%emt 0:00:08][%mdl 8192] White does not recover from this.} (19. Bc2 $17 {is more resistant.}) 19... Bxf5 $2 (19... Qc5+ 20. Kf1 Rxe4 (20... Bxf5 $2 21. Bxf5 h5 22. Qh3 $17) 21. Nh6+ (21. Rxe4 $2 {is the wrong capture.} Qxd5 22. Qf3 Bc6 $19) 21... gxh6 22. Qxd7 Re7 23. Rxe7 Qxe7 24. Qxe7 Nxe7) 20. Bxf5 $19 Rxd5 21. Re2 $2 (21. Bxg6 {is a better chance.} hxg6 22. Re2) 21... Qc5+ 22. Kh1 Rxf5 23. Rae1 Rf8 24. h4 h5 25. Qh3 Qc6+ 26. Kh2 Rd5 27. Qg2 Qd6 28. Qe4 b5 29. a4 a6 30. axb5 axb5 31. Qe3 Rd3 32. Qf2 Qd5 33. Rf1 Rd8 34. Qb6 Rd2 35. Rff2 Rxe2 36. Rxe2 Qd3 37. Rf2 Ne7 {[%emt 0:00:06] [#] ...Nf5 would now be deadly.} 38. Qxb5 Nf5 {[%emt 0:00:03] Black mates.} 39. Rg2 Ne3 40. Rg1 Qe2+ 41. Kh3 Rd2 42. Qe8+ Kh7 43. Qe4+ f5 {[%emt 0:00:04] Weighted Error Value: White=0.80/Black=0.32.  Loses game:     	White=1     	---        Mistake:       	White=2     	Black=2      Inaccurate:     	White=1     	Black=1      OK:         	White=2     	Black=6      Best:        	---       	Black=1      Strong:       	---       	Black=1} 0-1

[Event "Polish University-ch Women 2024"]
[Site "Lublin"]
[Date "2024.02.24"]
[Round "9.4"]
[White "Rykala, Monika"]
[Black "Kucharska, Honorata"]
[Result "1/2-1/2"]
[ECO "A46"]
[WhiteElo "1893"]
[BlackElo "2137"]
[Annotator "RC"]
[PlyCount "122"]
[EventDate "2024.02.22"]
[EventType "swiss"]
[EventCountry "POL"]
[SourceTitle "playchess.com"]
[Source "ChessBase"]
[SourceQuality "1"]
[TimeControl "600+3"]

1. d4 Nf6 2. Nf3 e6 3. Bf4 c5 4. e3 d6 5. c3 Nbd7 6. Nbd2 cxd4 7. exd4 Be7 8. Be2 O-O 9. h3 Re8 10. O-O Bf8 11. Re1 e5 12. dxe5 dxe5 13. Bg5 Qc7 14. Bb5 a6 15. Bxf6 axb5 16. Bh4 b6 17. Bg3 Bb7 18. Qe2 Qc6 19. Qe4 Qxe4 20. Nxe4 f5 21. Ned2 f4 22. Bh2 e4 23. Nd4 Nc5 24. Nxb5 Rad8 25. Nb3 Nd3 26. Re2 e3 27. fxe3 f3 28. Rd2 f2+ 29. Rxf2 Nxf2 30. Kxf2 Re6 31. N5d4 Rf6+ 32. Kg1 Rg6 33. g3 Bd6 34. g4 Bxh2+ 35. Kxh2 Rf6 36. Kg3 Rdf8 37. Rd1 g6 38. Nd2 Rf2 39. Nc4 Rg2+ 40. Kh4 h6 41. Nd6 Bd5 42. c4 Bf7 43. Nxf7 Rxf7 44. Ne6 Re7 45. Nf4 g5+ 46. Kh5 gxf4 47. exf4 Kg7 48. f5 Rxb2 49. Rd6 Rf7 50. h4 Rb4 51. Rg6+ Kf8 52. Rc6 Kg7 53. Rg6+ Kf8 54. Rxh6 Rxc4 55. Rxb6 Rh7+ 56. Kg6 Rg7+ 57. Kf6 Rf7+ 58. Kg5 Rg7+ 59. Kf6 Rf7+ 60. Kg5 Rg7+ 61. Kf6 Rf7+ 1/2-1/2

[Event "Polish University-ch Women 2024"]
[Site "Lublin"]
[Date "2024.02.24"]
[Round "9.5"]
[White "Wikar, Martyna"]
[Black "Shaban, Aliaksandra"]
[Result "1-0"]
[ECO "B03"]
[WhiteElo "2214"]
[BlackElo "1708"]
[Annotator "RC"]
[PlyCount "80"]
[EventDate "2024.02.22"]
[EventType "swiss"]
[EventCountry "POL"]
[SourceTitle "playchess.com"]
[Source "ChessBase"]
[SourceQuality "1"]
[TimeControl "600+3"]

1. e4 Nf6 2. e5 Nd5 3. d4 d6 4. c4 Nb6 5. exd6 cxd6 6. Nc3 g6 7. Be3 Bg7 8. Rc1 O-O 9. b3 Nc6 10. Nge2 Bf5 11. Ng3 Bd7 12. h4 h5 13. Bd3 f5 14. d5 Nb4 15. Bg5 Qe8 16. O-O e5 17. dxe6 Bxe6 18. Bb1 d5 19. Re1 Qf7 20. a3 Nc6 21. Rxe6 Qxe6 22. cxd5 Nxd5 23. Qxd5 Qxd5 24. Nxd5 Bb2 25. Rd1 Bxa3 26. Nf6+ Kg7 27. Nd5 Rac8 28. Ne2 Rf7 29. Nef4 Re8 30. Bd3 a6 31. b4 Nxb4 32. Nxb4 Bxb4 33. Bc4 Rfe7 34. Bxe7 Rxe7 35. Rd8 Re4 36. Rg8+ Kf6 37. Rxg6+ Ke5 38. Nd3+ Kd4 39. Nxb4 Kxc4 40. Nc2 Kd3 1-0

[Event "Polish University-ch Women 2024"]
[Site "Lublin"]
[Date "2024.02.24"]
[Round "9.6"]
[White "Michalska, Aleksandra"]
[Black "Harazinska, Magdalena"]
[Result "0-1"]
[ECO "B23"]
[WhiteElo "1812"]
[BlackElo "1950"]
[Annotator "NA RC"]
[PlyCount "158"]
[EventDate "2024.02.22"]
[EventType "swiss"]
[EventCountry "POL"]
[SourceTitle "playchess.com"]
[Source "ChessBase"]
[SourceQuality "1"]
[TimeControl "600+3"]

1. e4 c5 2. Nc3 a6 3. a4 e6 4. f4 d5 5. d3 Nc6 6. Nf3 Be7 7. g3 d4 8. Ne2 Nf6 9. Bg2 O-O 10. O-O Qc7 11. Bd2 b6 12. Qe1 Bb7 13. h3 Nd7 14. b3 b5 15. Qf2 Rfd8 16. g4 bxa4 17. Rxa4 Nb6 18. Raa1 a5 19. f5 e5 20. g5 f6 21. h4 a4 22. h5 axb3 23. cxb3 Ba6 24. Nc1 Nb4 25. Qe2 Bb5 26. Rb1 Nd7 27. g6 h6 28. Nh2 Na2 29. Nxa2 Rxa2 30. Rf3 Rda8 31. Qd1 Qa7 32. Ng4 Ra1 33. Rc1 Rxc1 34. Bxc1 Qa1 35. Rf1 Qb1 36. Nf2 Ra1 37. Bf3 Nb8 38. Be2 Nc6 39. Qd2 Ra2 40. Qd1 Nb4 41. Bd2 Qxd1 42. Rxd1 Nc6 43. Kf1 Kf8 44. Bc1 Ke8 45. Ng4 Bf8 46. Nf2 Kd7 47. Ng4 Kc7 48. Nf2 Na5 49. Bd2 Nxb3 50. Be1 Ra1 51. Rxa1 Nxa1 52. Ba5+ Kc6 53. Bd1 c4 54. Ke1 Nb3 55. dxc4 Bxc4 56. Bxb3 Bxb3 57. Ke2 Kb5 58. Bd2 Bc4+ 59. Kd1 Ka4 60. Kc2 Bb3+ 61. Kd3 Kb5 62. Ke2 Kc4 63. Ng4 d3+ 64. Ke1 Kd4 65. Nf2 Ba4 66. Bc1 Bc6 67. Bb2+ Ke3 68. Bc1+ Kd4 69. Bb2+ Kc4 70. Bc1 Bb4+ 71. Bd2 Bf8 72. Bc1 Kd4 73. Bb2+ Ke3 74. Bc1+ Kf3 75. Nxd3 Bxe4 76. Nxe5+ fxe5 77. Bb2 Kf4 78. f6 gxf6 79. Kf2 Bg7 0-1

[Event "Polish University-ch Women 2024"]
[Site "Lublin"]
[Date "2024.02.24"]
[Round "9.7"]
[White "Marczuk, Anna"]
[Black "Parol, Pola"]
[Result "1/2-1/2"]
[ECO "B76"]
[WhiteElo "1982"]
[BlackElo "2030"]
[Annotator "NA RC"]
[PlyCount "67"]
[EventDate "2024.02.22"]
[EventType "swiss"]
[EventCountry "POL"]
[SourceTitle "playchess.com"]
[Source "ChessBase"]
[SourceQuality "1"]
[TimeControl "600+3"]

1. e4 c5 2. Nf3 d6 3. d4 cxd4 4. Nxd4 Nf6 5. Nc3 a6 6. Nb3 g6 7. f3 Bg7 8. Be3 O-O 9. Qd2 Nc6 10. O-O-O b5 11. Bh6 Ne5 12. h4 b4 13. Nd5 Nxd5 14. exd5 Bf5 15. Bxg7 Kxg7 16. Nd4 Qc8 17. h5 Rh8 18. hxg6 hxg6 19. Rxh8 Qxh8 20. Nxf5+ gxf5 21. Qg5+ Ng6 22. Qxf5 a5 23. Bd3 Qh2 24. Qg4 Qf4+ 25. Qxf4 Nxf4 26. Be4 Kf6 27. g4 Rh8 28. c3 Rc8 29. Kc2 Ng2 30. Rh1 Ne3+ 31. Kd3 Nc4 32. Kc2 Ne3+ 33. Kd3 Nc4 34. Kc2 1/2-1/2

[Event "Polish University-ch Women 2024"]
[Site "Lublin"]
[Date "2024.02.24"]
[Round "9.8"]
[White "Furtak, Joanna"]
[Black "Dmochowska, Agnieszka"]
[Result "0-1"]
[ECO "B30"]
[WhiteElo "1883"]
[BlackElo "2001"]
[Annotator "NA RC"]
[PlyCount "87"]
[EventDate "2024.02.22"]
[EventType "swiss"]
[EventCountry "POL"]
[SourceTitle "playchess.com"]
[Source "ChessBase"]
[SourceQuality "1"]
[TimeControl "600+3"]

1. e4 c5 2. Nf3 Nc6 3. Nc3 e5 4. Bc4 Be7 5. a3 Nf6 6. d3 O-O 7. O-O d6 8. h3 Be6 9. Be3 a6 10. Ng5 d5 11. exd5 Bxd5 12. Nxd5 Nxd5 13. Qh5 Bxg5 14. Bxg5 f6 15. Be3 Kh8 16. Bxc5 Re8 17. Qf3 Nf4 18. Be3 Ne6 19. Bxe6 Rxe6 20. Rfe1 Rc8 21. Rad1 Rd6 22. Qg4 Nd4 23. Bxd4 Rxd4 24. Qe2 Qb6 25. c3 Rdd8 26. Rd2 h6 27. Red1 Re8 28. Qe3 Qb3 29. Qe4 Rcd8 30. Qc4 Qb6 31. d4 exd4 32. cxd4 Rc8 33. Qd3 Qd6 34. d5 Rc5 35. g3 Re5 36. Qf3 a5 37. Kg2 b6 38. h4 Rb5 39. Kh2 Rc5 40. Kg2 Re7 41. h5 Re5 42. g4 Rg5 43. Kh3 Qd7 44. Re2 0-1

[Event "Polish University-ch Women 2024"]
[Site "Lublin"]
[Date "2024.02.24"]
[Round "9.9"]
[White "Michalak, Wiktoria"]
[Black "Trybowska, Barbara"]
[Result "0-1"]
[ECO "A09"]
[WhiteElo "1522"]
[BlackElo "1859"]
[Annotator "NA RC"]
[PlyCount "96"]
[EventDate "2024.02.22"]
[EventType "swiss"]
[EventCountry "POL"]
[SourceTitle "playchess.com"]
[Source "ChessBase"]
[SourceQuality "1"]
[TimeControl "600+3"]

1. Nf3 d5 2. c4 d4 3. d3 c5 4. e3 Nc6 5. exd4 cxd4 6. Bf4 g6 7. Nbd2 Bg7 8. Be2 Nf6 9. Nb3 Nh5 10. Bg3 Nxg3 11. hxg3 a5 12. Qd2 h5 13. a3 a4 14. Nc5 Bh6 15. Qc2 Qa5+ 16. Nd2 Qxc5 17. Ne4 Qa5+ 18. Kf1 f5 19. Bxh5 gxh5 20. Rxh5 Be6 21. Qe2 O-O-O 22. Nc5 Bf7 23. Rxf5 Bg5 24. Kg1 Bf6 25. Qg4 Rhg8 26. Rg5+ Kb8 27. Nd7+ Rxd7 28. Rxg8+ Bxg8 29. Qxg8+ Qd8 30. Qe6 Rd6 31. Qe4 Qd7 32. b4 Re6 33. Qf4+ Be5 34. Qf8+ Qd8 35. Qf5 Rf6 36. Qe4 Bc7 37. f4 e5 38. f5 Qg8 39. g4 Qg5 40. Qd5 Qe3+ 41. Kf1 Qxd3+ 42. Kg1 Qe3+ 43. Kf1 Rh6 44. g3 Qd3+ 45. Kg1 Qxg3+ 46. Kf1 Qf4+ 47. Ke1 Qe3+ 48. Kf1 Rh2 0-1

[Event "Polish University-ch Women 2024"]
[Site "Lublin"]
[Date "2024.02.24"]
[Round "9.10"]
[White "Cieslak, Wiktoria"]
[Black "Dwilewicz, Agata"]
[Result "1-0"]
[ECO "C56"]
[WhiteElo "1868"]
[BlackElo "1764"]
[Annotator "NA RC"]
[PlyCount "135"]
[EventDate "2024.02.22"]
[EventType "swiss"]
[EventCountry "POL"]
[SourceTitle "playchess.com"]
[Source "ChessBase"]
[SourceQuality "1"]
[TimeControl "600+3"]

1. e4 e5 2. Nf3 Nc6 3. d4 exd4 4. Bc4 Nf6 5. e5 d5 6. Bb5 Ne4 7. Nxd4 Bd7 8. Bxc6 bxc6 9. O-O Bc5 10. f3 Ng5 11. Be3 Bb6 12. f4 Ne4 13. Nd2 Nxd2 14. Qxd2 O-O 15. c3 Qe7 16. a4 a5 17. Rf3 f6 18. exf6 Qxf6 19. Rg3 Kh8 20. b3 Rae8 21. Rf1 Qe7 22. h3 Bf5 23. Bf2 Qd6 24. Nf3 Re4 25. Ne5 Bxf2+ 26. Rxf2 c5 27. Re2 Kg8 28. Re1 Rxe1+ 29. Qxe1 Qb6 30. c4 d4 31. Qe2 Qd6 32. Qf3 Rd8 33. Qh5 Rf8 34. Qg5 Qf6 35. Qh5 Qe7 36. Qd1 Qd6 37. Qd2 Qb6 38. Rf3 Re8 39. g4 Be4 40. Rg3 Qb4 41. Qe2 Qb7 42. Qd2 Re7 43. Qxa5 Qb6 44. Qxb6 cxb6 45. Kf2 Kf8 46. Ke2 Bc2 47. Kd2 Be4 48. Rg1 g6 49. Re1 Bg2 50. h4 Ke8 51. h5 gxh5 52. gxh5 Bh3 53. Rg1 Kf8 54. Rg3 Bf5 55. Rg5 Be4 56. Ng4 h6 57. Nxh6 Rd7 58. Rg8+ Ke7 59. Rg7+ Ke8 60. Rg5 Bh7 61. Re5+ Kf8 62. Ng4 Kf7 63. Rg5 Rd6 64. h6 Rg6 65. Ne5+ Kf6 66. Nxg6 Bxg6 67. Rd5 Be4 68. Rd6+ 1-0